 Dungeon Crawl Stone Soup version 0.31-a0-233-g139696dc86 (webtiles) character file.

Game seed: 3730414264602124158

110 Morbidden the Sneak (level 4, -1/23 HPs)
             Began as a Vine Stalker Brigand on July 8, 2023.
             Slain by a gnoll
             ... wielding a +0 halberd
              (9 damage)
             ... on level 2 of the Dungeon.
             The game lasted 00:02:32 (1476 turns).

Morbidden the Sneak (Vine Stalker Brigand)          Turns: 1476, Time: 00:02:33

Health: -1/23      AC:  4    Str: 16    XL:     4   Next: 91%
Magic:  0/7        EV: 11    Int: 13    God:
Gold:   75         SH:  0    Dex: 15    Spells: 5/5 levels left

rFire   . . .        a - +2 dagger
rCold   . . .        (no shield)
rNeg    . . .        s - +1 robe of Rak Jona {-Cast rPois Str+2}
rPois   +            (no helmet)
rElec   .            c - +0 cloak
rCorr   +            (no gloves)
SInv    .            (no boots)
Will    .....        (no amulet)
Stlth   +++          p - ring of resist corrosion
HPRegen 1.03/turn    (no ring)
MPRegen 0.10/turn

%: no spellcasting, guardian spirit
@: no status effects
A: fangs 2, regeneration 1, magic shield, antimagic bite, no potion heal 2
a: no special abilities


You were on level 2 of the Dungeon.
You visited 1 branch of the dungeon, and saw 3 of its levels.

You collected 75 gold pieces.

Inventory:

Hand Weapons
 a - a +2 dagger (weapon)
 b - a +0 orcbow
Missiles
 d - 5 poisoned darts (quivered)
 e - 3 curare-tipped darts
Armour
 c - a +0 cloak (worn)
 j - a +2 chain mail of willpower
 s - the +1 robe of Rak Jona (worn) {-Cast rPois Str+2}
   (You found it on level 2 of the Dungeon)

   Str:       It affects your strength (+2).
   rPois:     It protects you from poison.
   -Cast:     It prevents spellcasting.
Jewellery
 p - a ring of resist corrosion (left hand)
Scrolls
 f - a scroll of blinking {unknown}
 g - 2 scrolls of identify {unknown}
 h - 3 scrolls of teleportation {unknown}
 i - a scroll of torment {unknown}
 m - a scroll of revelation {unknown}
 o - a scroll of noise {unknown}
 r - a scroll of enchant weapon {unknown}
Potions
 k - a potion of brilliance {unknown}
 l - a potion of mutation {unknown}
 n - a potion of enlightenment {unknown}
 q - a potion of curing {unknown}


   Skills:
 * Level 2.4 Fighting
 * Level 2.3(2.5) Short Blades
 * Level 1.0(1.9) Long Blades
 + Level 0.2 Ranged Weapons
 + Level 1.8 Throwing
 * Level 0.4 Armour
 * Level 1.0 Dodging
 + Level 5.5 Stealth
 * Level 1.4 Spellcasting


You had 5 spell levels left.
You didn't know any spells.
Your spell library was empty.

Dungeon Overview and Level Annotations

Branches:
Dungeon (3/15)

Altars:
Zin


Innate Abilities, Weirdness & Mutations

You have extremely sharp teeth.
Your natural rate of healing is unusually fast.
When hurt, damage is shared between your health and your magic reserves.
Your bite disrupts and absorbs the magic of your enemies.
Potions cannot restore your health.


Message History

A gnoll is nearby!
A gnoll is nearby!
Throw: 8 darts (poison)
Press: ? - help, Q - select action, (/) - cycle Shift-Dir - straight line, f - you Really target yourself?
Okay, then.
Throw: 8 darts (poison)
Press: ? - help, Q - select action, (/) - cycle Shift-Dir - straight line, f - gnoll
Aim: a gnoll, wielding a +0 halberd (wandering, hasn't noticed you, 63% to hit)
You throw a poisoned dart. The poisoned dart hits the gnoll.
The gnoll is poisoned.
The gnoll shouts!
Throw: 7 darts (poison)
Press: ? - help, Q - select action, (/) - cycle Shift-Dir - straight line, f/p - gnoll
Aim: a gnoll, wielding a +0 halberd (poisoned, 63% to hit)
You throw a poisoned dart. The poisoned dart hits the gnoll.
The gnoll looks even sicker.
Unknown command.
Throw: 6 darts (poison)
Press: ? - help, Q - select action, (/) - cycle Shift-Dir - straight line, f/p - gnoll
Aim: a gnoll, wielding a +0 halberd (very poisoned, 63% to hit)
You throw a poisoned dart. The poisoned dart hits the gnoll.
The gnoll looks even sicker.
The gnoll barely misses you. The gnoll hits you with a +0 halberd!
You see here a poisoned dart.
You hit the gnoll. Your bite misses the gnoll.
The gnoll is moderately wounded.
The gnoll hits you with a +0 halberd.
Unknown command.
You hit the gnoll.
The gnoll is heavily wounded.
The gnoll hits you with a +0 halberd!
You are too injured to fight recklessly!
You are too injured to fight recklessly!
You are too injured to fight recklessly!
You hit the gnoll.
The gnoll is severely wounded.
The gnoll hits you with a +0 halberd!
You die...

.... #.[.....†##.# #.....#
....###.......<##.# #.###.#
....'..........##.####.#.#.#
....###[.......##....#.#.#.#
.### ######'######....#...#
#.######..###.###
#.....##.(......#
#.....g(...####.#
##...@###..#..#.#
########.........#....#
#......).#######.###########
#........#.....#............
#........#.###.#############
#........'..##.# #
#........##....# ####
#........##...## #..>
#..>.....####.# #.##


You could see a gnoll (very poisoned).

Vanquished Creatures
  3 gnolls
  3 adders (D:2)
  2 dart slugs
  5 endoplasms
  3 giant cockroaches
  4 hobgoblins
  3 jackals (D:1)
  5 kobolds
  4 quokkas
  A ball python (D:1)
  5 bats
  4 frilled lizards
  3 goblins
  3 rats (D:1)
48 creatures vanquished.

Notes
Turn   | Place    | Note
-------+----------+-------------------------------------------
     0 | D:1      | Morbidden the Vine Stalker Brigand began the quest for the
                  | Orb.
     0 | D:1      | Reached XP level 1. HP: 11/11 MP: 2/2
   104 | D:1      | Reached XP level 2. HP: 15/15 MP: 3/3
   145 | D:1      | Reached skill level 5 in Stealth
   724 | D:1      | Reached XP level 3. HP: 18/18 MP: 5/5
  1083 | D:2      | Identified the +1 robe of Rak Jona {-Cast rPois Str+2}
  1104 | D:2      | You fall into a shaft and drop 1 floor!
  1113 | D:3      | Reached skill level 1 in Spellcasting
  1127 | D:3      | Found a glowing silver altar of Zin.
  1142 | D:3      | Reached skill level 1 in Long Blades
  1177 | D:3      | Gained mutation: Your natural rate of healing is unusually
                  | fast. [Vine Stalker growth]
  1177 | D:3      | Reached XP level 4. HP: 16/23 MP: 6/6
  1444 | D:2      | Reached skill level 1 in Dodging
  1476 | D:2      | Slain by a gnoll

Illustrated notes

Levels and vault maps discovered:
D:1:      dpeg_arrival_simpleton_c, layout_loops_ring
D:2:      layout_basic, minmay_tetromino_t2
D:3:      layout_basic, overflow_temple_1_default, nicolae_the_louvre

Skill      XL: |  1  2  3  4 |
---------------+-------------+-----
Stealth        | 5 |  5.5
Fighting       | 2 |  2.4
Short Blades   | 2 |  2.3
Spellcasting   | 1 |  1.4
Long Blades    | 1 |  1.0
Dodging        | 1 |  1.0
Ranged Weapons | |  0.2
Throwing       | |  1.8
Armour         | |  0.4

Action                     |  1- 3 |  4- 6 || total
---------------------------+-------+-------++-------
  Melee: Dagger            |    83 |    35 ||   118
         Bite              |    24 |     9 ||    33
         Punch             |     1 |       ||     1
   Fire: Orcbow            |     9 |       ||     9
  Throw: Dart              |     6 |    11 ||    17
   Stab: Sleeping          |     8 |     1 ||     9
 Armour: Robe              |    18 |     7 ||    25
  Dodge: Dodged            |    49 |    24 ||    73

Table legend: (Time is in decaauts)
 A = Elapsed time spent in this place.
 B = Non-inter-level travel time spent in this place.
 C = Inter-level travel time spent in this place.
 D = Time resting spent in this place.
 E = Time spent auto-exploring this place.
 F = Levels seen in this place.
 G = Mean time per level.
                   A        B        C        D        E       F      G
               +--------+--------+--------+--------+--------+-----+--------+
         Total |   1465 |   1356 |    109 |      8 |    927 |   3 |  488.3 |
       Dungeon |   1465 |   1356 |    109 |      8 |    927 |   3 |  488.3 |
               +--------+--------+--------+--------+--------+-----+--------+

Top non-repeatable levels by time:
     D:1: 974 daAuts
     D:2: 411 daAuts
     D:3: 79 daAuts
